 Dungeon Crawl Stone Soup version 0.20-a0-270-g8e735b6 (webtiles) character file.

290 Faca the Shield-Bearer (level 6, -7/48 HPs)
             Began as a Formicid Fighter on Dec 9, 2016.
             Mangled by an ogre
             ... wielding a +0 giant spiked club
              (18 damage)
             ... on level 3 of the Dungeon.
             The game lasted 00:06:30 (2169 turns).

Faca the Shield-Bearer (Formicid Fighter)           Turns: 2169, Time: 00:06:31

Health: -7/48      AC: 11    Str: 20    XL:     6   Next: 58%
Magic:  0/6        EV:  5    Int: 10    God:
Gold:   108        SH: 10    Dex: 12    Spells: 5/5 levels left

rFire  x . .     SeeInvis +     a - +0 flail
rCold  + . .     Gourm    .     l - +0 plate armour
rNeg   . . .     Faith    .     c - +0 shield
rPois  .         Spirit   +     (helmet unavailable)
rElec  .         Reflect  .     (no cloak)
rCorr  .         Harm     .     h - +1 pair of gloves
MR     .....                    (no boots)
Stlth  ..........               e - amulet of guardian spirit
                                (no ring)
                                g - ring of ice

@: no status effects
A: permanent stasis, dig shafts and tunnels, four strong arms, antennae 3, thin
metallic scales 1, clever 1, deformed body
a: Dig, Shaft Self


You were on level 3 of the Dungeon.
You were not hungry.

You visited 1 branch of the dungeon, and saw 3 of its levels.

You collected 108 gold pieces.

Inventory:

Hand Weapons
 a - a +0 flail (weapon)
Armour
 c - a +0 shield (worn)
 h - a +1 pair of gloves (worn)
 l - a +0 plate armour (worn)
Jewellery
 e - an amulet of guardian spirit (around neck)
 g - a ring of ice (left hand)
Scrolls
 d - a scroll of identify
 j - a scroll of recharging
 k - a scroll of remove curse
Comestibles
 f - 2 bread rations
 i - 3 meat rations


   Skills:
 + Level 4.0 Fighting
 + Level 4.2 Maces & Flails
 + Level 4.2 Armour
 + Level 1.1 Dodging
 + Level 5.3 Shields


You had 5 spell levels left.
You didn't know any spells.

Dungeon Overview and Level Annotations

Branches:
Dungeon (3/15)

Altars:
Dithmenos
Ru


Innate Abilities, Weirdness & Mutations

You cannot be hasted, slowed, berserked, paralysed or teleported.
You can dig through walls and to a lower floor.
Your four strong arms can wield two-handed weapons with a shield.
You have a pair of large antennae on your head. (SInv)
You are partially covered in thin metallic scales. (AC +2)
Your mind is acute. (Int +2)
Armour fits poorly on your strangely shaped body.


Message History

You are too injured to fight recklessly!
You sock the ogre!
The ogre is moderately wounded.
The ogre barely misses you.
Your plate armour prevents you from hitting the ogre.
The ogre is moderately wounded.
The ogre hits you with a giant spiked club.
* * * LOW HITPOINT WARNING * * *
Your plate armour prevents you from hitting the ogre.
The ogre is moderately wounded.
You sock the ogre!
The ogre is severely wounded.
The ogre hits you but does no damage.
You hit the ogre.
The ogre is severely wounded.
The ogre barely misses you.
You hit the ogre.
The ogre is almost dead.
The ogre hits you with a giant spiked club!!
You die...

### ..# #.# #.#
#.########
###.........#
#.....#.....#
#.###O#.....# #.#
#@#.....#
#.###†#.....#
#...#.#.....#
###.#.#....>#
#.#.#....######.#
#.#.##'##......[#
#.#.##.##.#######
#.#.##.##.....#
#.#.##.#.####.#


You could see an ogre.

Vanquished Creatures
  Sigmund (D:2)
  A worker ant (D:3)
  2 adders (D:2)
  2 oozes (D:1)
  4 worms (D:2)
  A dart slug (D:1)
  2 leopard geckos (D:1)
  An orc (D:3)
  A giant cockroach (D:2)
  8 goblins
  7 hobgoblins
  7 jackals
  A ball python (D:3)
  8 bats
  2 frilled lizards
  8 kobolds
  10 rats (D:1)
66 creatures vanquished.

Notes
Turn   | Place    | Note
-------+----------+-------------------------------------------
     0 | D:1      | Faca the Formicid Fighter began the quest for the Orb.
     0 | D:1      | Reached XP level 1. HP: 18/18 MP: 1/1
    29 | D:1      | Reached skill level 4 in Shields
    29 | D:1      | Reached XP level 2. HP: 14/24 MP: 2/2
   253 | D:1      | Reached XP level 3. HP: 23/29 MP: 3/3
   883 | D:2      | Noticed Sigmund
   891 | D:2      | Killed Sigmund
   891 | D:2      | Reached skill level 1 in Dodging
   891 | D:2      | Reached skill level 5 in Shields
   891 | D:2      | Reached XP level 4. HP: 31/37 MP: 2/4
   891 | D:2      | Reached XP level 5. HP: 35/42 MP: 2/5
   891 | D:2      | Reached XP level 6. HP: 40/48 MP: 2/6
  1052 | D:2      | Found a sacrificial altar of Ru.
  1075 | D:2      | Gained mutation: Armour fits poorly on your strangely shaped body. [potion of mutation]
  1075 | D:2      | Gained mutation: You are partially covered in thin metallic scales. (AC +2) [potion of mutation]
  1075 | D:2      | Gained mutation: Your mind is acute. (Int +2) [potion of mutation]
  1350 | D:2      | Found a shadowy altar of Dithmenos.
  2151 | D:3      | Noticed an ogre
  2169 | D:3      | Mangled by an ogre

Vault maps used:
D:1:      dpeg_arrival_rhombus, minmay_rat_gold_closets
D:2:      lemuel_coloured_pillars_altar, nicolae_ru_awakened_eye,
          minmay_domino_2, uniq_sigmund
D:3:      first_bread, patterned_corridor

Skill      XL: |  1  2  3  4  5  6 |
---------------+-------------------+-----
Shields        | 4 5 |  5.3
Fighting       | 4 |  4.0
Maces & Flails | 3 4 |  4.2
Armour         | 4 |  4.2
Dodging        | 1 |  1.1

Action                   |  1- 3 |  4- 6 || total
-------------------------+-------+-------++-------
Melee: Flail             |   126 |   132 ||   258
  Use: Scroll            |     2 |     4 ||     6
       Potion            |     1 |     3 ||     4
  Eat: Meat ration       |       |     1 ||     1
       Pizza             |       |     1 ||     1
Armor: Scale mail        |    67 |    60 ||   127
       Plate armour      |       |    10 ||    10
Dodge: Dodged            |    58 |    46 ||   104
Block: Shield            |    63 |    80 ||   143
